Map: Orbital Shipyard

Players

PtitDrogo

  • Race: Protoss Protoss
  • League: Master

FireCake - Winner!

  • Race: Zerg Zerg
  • League: Master

Event: DreamHack ROCCAT LotV Championship

VOD

Have the link to the VOD?

Description

Time

  • Played on: Nov. 26, 2015, 12:17 p.m.
  • Length: 7:37

All games in this series

Show
View Real Time Build Order
Export as new Build Order

PtitDrogo Protoss 

Build Orders: Nexus First 

Get SALT Encoding   

  12  0:00  Probe (Chrono Boost)  
  13  0:11  Probe (Chrono Boost)  
  14  0:18  Pylon  
  14  0:22  Probe (Chrono Boost)  
  15  0:36  Probe (Chrono Boost)  
  16  0:47  Probe (Chrono Boost)  
  17  0:56  Nexus  
  17  1:02  Probe (Chrono Boost)  
  18  1:09  Gateway  
  18  1:13  Probe (Chrono Boost)  
  18  1:17  Assimilator  
  19  1:24  Probe (Chrono Boost)  
  20  1:25  Assimilator  
  20  1:34  Probe (Chrono Boost)  
  20  1:39  Gateway  
  21  1:45  Probe (Chrono Boost)  
  22  1:55  Probe (Chrono Boost)  
  22  1:58  Cybernetics Core  
  24  2:08  Probe x2 (Chrono Boost)  
  25  2:19  Probe x2 (Chrono Boost)  
  27  2:29  Probe x2 (Chrono Boost)  
  29  2:35  Adept x2 (Chrono Boost)  
  29  2:36  Warp Gate (Chrono Boost)  
  33  2:40  Probe  
  33  2:41  Probe  
  35  2:46  Pylon  
  35  2:52  Probe (Chrono Boost)  
  35  2:54  Probe (Chrono Boost)  
  37  3:05  Sentry x2, Mothership Core (Chrono Boost), Probe (Chrono Boost)  
  44  3:08  Pylon  
  44  3:16  Probe (Chrono Boost)  
  45  3:23  Probe (Chrono Boost)  
  45  3:27  Probe (Chrono Boost)  
  47  3:34  Probe (Chrono Boost)  
  48  3:37  Probe (Chrono Boost)  
  48  3:38  Nexus  
  48  3:40  Pylon  
  49  3:42  Pylon  
  49  3:44  Probe (Chrono Boost)  
  49  3:48  Probe (Chrono Boost)  
  51  3:55  Probe (Chrono Boost), Robotics Facility  
  48  3:57  Probe (Chrono Boost)  
  48  4:01  Sentry x2  
  53  4:06  Probe  
  53  4:07  Probe, Assimilator  
  55  4:12  Assimilator  
  55  4:15  Phoenix  
  55  4:17  Probe  
  55  4:18  Probe  
  57  4:28  Probe  
  57  4:30  Probe  
  59  4:37  Forge  
  59  4:38  Probe  
  59  4:39  Adept x2  
  59  4:42  Probe  
  59  4:43  Immortal (Chrono Boost)  
  69  4:49  Probe  
  70  4:54  Probe  
  70  4:56  Probe  
  70  4:59  Gateway  
  72  5:00  Probe, Gateway  
  72  5:06  Probe  
  74  5:07  Probe  
  74  5:09  Pylon  
  74  5:10  Sentry x2, Probe, Pylon  
  74  5:13  Immortal (Chrono Boost)  
  78  5:17  Protoss Ground Weapons Level 1 (Chrono Boost)  
  78  5:18  Probe  
  78  5:19  Probe  
  78  5:21  Probe  
  84  5:31  Probe x3  
  87  5:38  Stalker  
  87  5:39  Stalker  
  87  5:42  Photon Cannon  
  91  5:43  Probe x2, Pylon  
  91  5:46  Assimilator  
  91  5:47  Probe, Assimilator  
  94  5:50  Twilight Council  
  94  5:56  Stalker x2  
  98  6:02  Adept x2  
  102  6:10  Pylon  
  102  6:12  Pylon  
  99  6:30  Adept x4  
  101  6:39  Gateway  
  101  6:41  Gateway  
  101  6:42  Immortal  
  101  6:45  Gateway  
  101  6:46  Pylon  
  101  6:48  Pylon  
  101  6:53  Adept x3  
  83  7:03  Pylon x2  
  83  7:08  Stalker  
  73  7:11  Gateway  
  73  7:15  Zealot x3  
  64  7:18  Mothership Core (Chrono Boost)  
Show
View Real Time Build Order
Export as new Build Order

FireCake Zerg - Winner!

Build Orders: 3 Hatch before Pool 

Get SALT Encoding   

  12  0:00  Drone  
  13  0:08  Drone  
  14  0:17  Overlord  
  14  0:23  Drone, Extractor  
  16  0:35  Drone x2  
  17  0:51  Hatchery  
  17  0:55  Drone  
  17  0:58  Drone  
  18  1:17  Hatchery  
  17  1:20  Drone  
  17  1:24  Extractor  
  17  1:35  Spawning Pool  
  17  1:37  Drone  
  17  1:41  Drone  
  17  1:43  Drone  
  19  1:52  Drone  
  20  2:01  Drone  
  20  2:04  Drone  
  22  2:10  Drone  
  23  2:16  Drone  
  23  2:21  Drone  
  25  2:25  Queen  
  25  2:27  Metabolic Boost  
  25  2:29  Queen  
  27  2:32  Drone  
  27  2:33  Drone  
  31  2:38  Overlord  
  31  2:44  Zergling x4  
  31  2:46  Zergling x2  
  31  2:49  Overlord  
  34  2:57  Queen  
  36  3:01  Zergling x4  
  36  3:02  Drone  
  36  3:03  Drone  
  40  3:09  Drone  
  40  3:12  Drone  
  42  3:13  Drone  
  42  3:17  Overlord  
  43  3:21  Zergling x2  
  43  3:33  Evolution Chamber  
  42  3:39  Drone x10  
  50  3:53  Evolution Chamber, Drone x5  
  52  4:00  Extractor  
  52  4:01  Extractor  
  52  4:02  Roach Warren  
  49  4:09  Drone  
  50  4:10  Drone x6  
  56  4:17  Overlord x2  
  56  4:19  Drone  
  56  4:20  Drone  
  58  4:27  Zerg Melee Weapons Level 1  
  57  4:33  Overlord  
  57  4:38  Drone x2  
  57  4:39  Drone x4  
  63  4:48  Roach  
  63  4:49  Roach x4  
  63  4:50  Overlord x2  
  73  4:53  Roach x2  
  73  4:55  Roach  
  79  5:02  Overlord x2  
  79  5:11  Zergling x4  
  79  5:12  Zergling x6  
  84  5:17  Zergling x2  
  84  5:18  Zergling x14  
  92  5:26  Zergling x6  
  94  5:29  Ravager x4  
  97  5:35  Zergling x2  
  97  5:36  Zergling x4  
  97  5:41  Ravager  
  97  5:42  Zergling x6  
  102  5:47  Ravager  
  103  5:51  Zergling x2  
  103  5:52  Zergling x2  
  103  5:56  Zergling x18  
  114  5:58  Overlord  
  114  6:07  Hatchery  
  107  6:11  Overlord  
  107  6:12  Zergling x2  
  107  6:13  Zergling x2  
  107  6:14  Ravager  
  107  6:15  Ravager  
  108  6:20  Zergling x6  
  107  6:26  Zergling x16  
  107  6:27  Zergling x2  
  107  6:31  Zergling x2  
  107  6:32  Zergling x4  
  109  6:34  Lair  
  108  6:46  Zergling x6  
  106  6:53  Zergling x4  
  106  6:54  Zergling x2  
  103  7:01  Roach x6  
  103  7:08  Zergling x10  
  106  7:13  Hatchery  

Tags
 
Add a new tag
Caveats
  • Supply blocks, unpowered buildings, or Contaminate may cause inaccurate times.
  • Supply counts are checked every 10 seconds.